[Event "*** Qualifier 1: Titled Tuesday 3|2 Blitz"]
[Site "Chess.com"]
[Date "2017.04.04"]
[Round "3"]
[White "Buffy7"]
[Black "davidarenas1224"]
[Result "1-0"]
[WhiteElo "2522"]
[BlackElo "2309"]
[TimeControl "180+2"]
[EndTime "13:37:07 PDT"]
[Termination "Buffy7 won by resignation"]

1. d4 Nf6 2. c4 g6 3. Nc3 Bg7 4. e4 d6 5. f4 O-O 6. Nf3 Na6 7. Be2 e5 8. fxe5 dxe5 9. d5 Qd6 10. h3 Bd7 11. Be3 Nc5 12. Qc2 a5 13.
Rc1 c6 14. O-O cxd5 15. exd5 Nh5 16. Ng5 Ng3 17. Nge4 Ngxe4 18. Nxe4 Nxe4 19. Qxe4 f5 20. c5 Qf6 21. Qc2 e4 22. c6 bxc6 23. dxc6 Be6 24. Bc4 Rfc8 25. c7 a4 26. Rfd1 Kh8 27. Bg5 Qxg5 28. Bxe6 Qe3+ 29. Qf2 Qxf2+ 30. Kxf2 Bf6 31. Bxc8 Rxc8 32. b4 Kg7 33. b5 Kf7 34. b6 Bh4+ 35. Ke2 1-0

[Event "*** Qualifier 1: Titled Tuesday 3|2 Blitz"]
[Site "Chess.com"]
[Date "2017.04.04"]
[Round "3"]
[White "penguingm1"]
[Black "NTBT_DHS"]
[Result "1-0"]
[WhiteElo "2602"]
[BlackElo "2459"]
[TimeControl "180+2"]
[EndTime "13:37:08 PDT"]
[Termination "penguingm1 won by checkmate"]

1. d4 Nf6 2. c4 g6 3. f3 Bg7 4. e4 d6 5. Nc3 O-O 6. Nge2 c5 7. d5 Nbd7 8. Ng3 h5 9. Bg5 Qb6 10.
Qd2 Ne5 11. Be2 Nh7 12. Bh4 g5 13. Bxg5 Nxg5 14. Nxh5 Nh7 15. Nxg7 Kxg7 16. f4 Ng6 17. h4 f5 18. h5 Nh8 19. exf5 Nf7 20. g4 Nh6 21. O-O-O Bd7 22. Bd3 Nxg4 23. Rdg1 Nf6 24. Rh4 Kh8 25. Rhxg4 Nxg4 26. Rxg4 Rg8 27. Rg6 Rxg6 28.
hxg6 Kg7 29. Qe1 e5 30. Qh4 Rf8 31. Qe7+ Kg8 32. Qh7# 1-0

[Event "*** Qualifier 1: Titled Tuesday 3|2 Blitz"]
[Site "Chess.com"]
[Date "2017.04.04"]
[Round "3"]
[White "Th3ChessViking"]
[Black "Storne89"]
[Result "1-0"]
[WhiteElo "2329"]
[BlackElo "2531"]
[TimeControl "180+2"]
[EndTime "13:37:15 PDT"]
[Termination "Th3ChessViking won by resignation"]

1. c4 e5 2. g3 Nc6 3. Bg2 Bc5 4.
Nc3 d6 5. e3 a6 6. Nge2 Ba7 7.
O-O h5 8. f4 h4 9. Nd5 hxg3 10.
Nxg3 Qh4 11. Nxc7+ Kd8 12. Nxa8 Qxh2+ 13. Kf2 Bh3 14. Qf3 Nf6 15. Rh1 Ng4+ 16. Kf1 Qxh1+ 17. Nxh1 Nh2+ 18. Ke2 Nxf3 19. Bxf3 Kd7 20. Nf2 Be6 21. fxe5 dxe5 22. b3 Rxa8 23. Bb2 f6 24. Rg1 g5 25.
Ne4 Ke7 26. Ba3+ Kf7 27. Nd6+ Kg6 28. Nxb7 Rc8 29. Nd6 Rc7 30. Rh1 f5 31. Bh5+ 1-0

[Event "*** Qualifier 1: Titled Tuesday 3|2 Blitz"]
[Site "Chess.com"]
[Date "2017.04.04"]
[Round "3"]
[White "GameOverBro"]
[Black "oggy1984"]
[Result "0-1"]
[WhiteElo "2235"]
[BlackElo "2300"]
[TimeControl "180+2"]
[EndTime "13:37:16 PDT"]
[Termination "oggy1984 won by resignation"]

1. e4 c5 2. Ne2 Nc6 3. g3 g6 4.
Bg2 Bg7 5. O-O Nf6 6. Na3 O-O 7. c3 d5 8. d3 h6 9. Be3 b6 10. h3 Bb7 11. f4 dxe4 12. dxe4 Qc7 13. Qc2 Rad8 14.
Rad1 Ba6 15. e5 Nh5 16. Kh2 Nxe5 17. fxe5 Bxe2 18. Qxe2 Bxe5 19. Bf4 Bxf4 20. gxf4 Nxf4 21. Qe4 Ne2+ 22. Kh1 Ng3+ 23. Kg1 Nxe4 24. Bxe4 Qg3+ 25. Bg2 Rxd1 26. Rxd1 e5 27. Nc4 Re8 28. Rd7 e4 29.
Nd6 e3 30. Nxe8 e2 31. Nf6+ Kg7 32. Ne8+ Kf8 0-1

[Event "*** Qualifier 1: Titled Tuesday 3|2 Blitz"]
[Site "Chess.com"]
[Date "2017.04.04"]
[Round "3"]
[White "ShimanovAlex"]
[Black "Alex_Molchanov"]
[Result "1-0"]
[WhiteElo "2618"]
[BlackElo "2347"]
[TimeControl "180+2"]
[EndTime "13:37:24 PDT"]
[Termination "ShimanovAlex won by resignation"]

1. d4 e6 2. Bf4 Nf6 3. e3 d6 4. c4 h6 5. h3 g5 6. Bh2 Bg7 7. Nc3 Nbd7 8. Bd3 a6 9. Nge2 b6 10. O-O Bb7 11. Qc2 Qe7 12. Rad1 h5 13. e4 e5 14. Ng3 exd4 15. Nf5 Qf8 16. Nd5 O-O-O 17. b4 Nxd5 18. cxd5 Kb8 19. Rc1 Rc8 20. Qa4 b5 21. Qb3 Nb6 22. Rc2 Be5 23. Bxe5 dxe5 24. Rfc1 Na4 25. Rc5 c6 26. d6 Nxc5 27. bxc5 Qe8 28. a4 Qe6 29. Qb4 g4 30. h4 Qd7 31.
Ne7 Rhe8 32. Nf5 Qd8 33. axb5 cxb5 34. Bxb5 axb5 35. Qxb5 Rc6 36. Rb1 Qc8 37. Ne7 Rxe7 38.
dxe7 Re6 39. c6 Rxe7 40. cxb7 Qc7 41. Qa4 1-0

[Event "*** Qualifier 1: Titled Tuesday 3|2 Blitz"]
[Site "Chess.com"]
[Date "2017.04.04"]
[Round "3"]
[White "Alexander_Donchenko"]
[Black "Jadro9"]
[Result "1-0"]
[WhiteElo "2583"]
[BlackElo "2348"]
[TimeControl "180+2"]
[EndTime "13:37:27 PDT"]
[Termination "Alexander_Donchenko won by resignation"]

1. d4 Nf6 2. c4 e6 3. g3 d5 4. Bg2 Be7 5. Nf3 O-O 6. O-O dxc4 7.
Qc2 a6 8. a4 c5 9. dxc5 Bxc5 10. Nbd2 b5 11. Ng5 Ra7 12. Nde4 Nxe4 13. Nxe4 Bd4 14.
Ng5 g6 15. axb5 axb5 16. Rxa7 Bxa7 17. Ne4 Bd4 18. Bg5 Qc7 19. Rd1 Bg7 20. Nd6 f6 21.
Be3 Bd7 22. b3 c3 23. Ne4 Rc8 24. Nc5 b4 25. Qe4 f5 26. Qxb4 Nc6 27. Bxc6 Bxc6 28. Nxe6 c2 29. Rf1 Qd7 30. Nxg7 Qxg7 31. Qc4+ Qf7 32.
Qxc2 Bb7 33. Qd3 Be4 34. Qb5 h5 35. f3 Bc6 36. Qc4 Qxc4 37. bxc4 Bb7 38. c5 Ba6 39. Kf2 Kf7 40. Ra1 Bc4 41. Ra7+ Ke6 42. Rg7 1-0

[Event "*** Qualifier 1: Titled Tuesday 3|2 Blitz"]
[Site "Chess.com"]
[Date "2017.04.04"]
[Round "3"]
[White "MaestroASK"]
[Black "Alexander_Moskalenko"]
[Result "1/2-1/2"]
[WhiteElo "2488"]
[BlackElo "2629"]
[TimeControl "180+2"]
[EndTime "13:37:30 PDT"]
[Termination "Game drawn by repetition"]

1. g3 d5 2. d3 e5 3. e4 dxe4 4.
dxe4 Qxd1+ 5. Kxd1 Bc5 6. Bh3 Bxh3 7. Nxh3 Nc6 8. c3 a5 9. a4 Nf6 10. f3 h5 11. Ke2 Nd7 12. Nd2 f6 13. Nb3 Bb6 14. Nf2 Bxf2 15. Kxf2 h4 16. Be3 Ke7 17. Nd2 g5 18. Nc4 Nd8 19. g4 Ne6 20. b4 axb4 21. cxb4 Nd4 22. Bxd4 exd4 23. Rhd1 c5 24. bxc5 Nxc5 25.
Nb6 Ra6 26. Nd5+ Kf7 27. Rac1 Rc8 28. Kg1 Ke6 29. Rxd4 Nb3 30. Rxc8 Nxd4 31. Nc7+ Kd7 32. Nxa6 Kxc8 33. Nb4 Nxf3+ 34. Kg2 Nd2 35. Nd5 Nxe4 36. Kf3 Nd2+ 37. Ke2 Ne4 38. Ke3 Nc5 39. Nxf6 Nxa4 40. Ne4 b5 41. Nd6+ Kd7 42. Nxb5 Ke6 43. Kd4 Nb6 44.
Nc7+ Kf7 45. Ke5 Kg6 46. Nd5 Nd7+ 47. Kd4 Kf7 48. Ke4 Ke6 49. Nc7+ Kf6 50. Ne8+ Ke6 51. Nc7+ Kf6 52. Ne8+ Ke6 53. Nc7+ Kd6 54. Ne8+ Ke7 55.
Nc7 Kf6 56. Ne8+ Ke6 57. Nc7+ Kf6 58. Ne8+ Ke6 59. Nc7+ 1/2-1/2

[Event "*** Qualifier 1: Titled Tuesday 3|2 Blitz"]
[Site "Chess.com"]
[Date "2017.04.04"]
[Round "3"]
[White "korason34"]
[Black "FearNoEvil12"]
[Result "1-0"]
[WhiteElo "2355"]
[BlackElo "2089"]
[TimeControl "180+2"]
[EndTime "13:37:35 PDT"]
[Termination "korason34 won on time"]

1. d4 b5 2. e4 a6 3. Bd3 Bb7 4. Nd2 e6 5. Ngf3 Nf6 6. O-O d6 7. a4 b4 8. Qe2 Nbd7 9. c3 bxc3 10.
bxc3 Rg8 11. Rb1 Rb8 12. Ba3 g5 13. Bxa6 Bxa6 14. Qxa6 Ra8 15. Qb5 g4 16. Ne1 Bh6 17. e5 Bxd2 18. exf6 Qxf6 19. Qc6 Rc8 20. a5 Ke7 21.
Rb7 Bf4 22. g3 Rgd8 23. gxf4 Qxf4 24. Ng2 Qf3 25. Qxf3 gxf3 26. Ne3 Nf6 27. a6 Ne4 28. a7 Kd7 29. c4 Ra8 30. d5 Rg8+ 31. Kh1 Rg6 32.
h3 Rag8 33. Rb8 1-0

[Event "*** Qualifier 1: Titled Tuesday 3|2 Blitz"]
[Site "Chess.com"]
[Date "2017.04.04"]
[Round "3"]
[White "evgenyermolaev"]
[Black "Fiona"]
[Result "1-0"]
[WhiteElo "2386"]
[BlackElo "2277"]
[TimeControl "180+2"]
[EndTime "13:37:36 PDT"]
[Termination "evgenyermolaev won by resignation"]

1. e4 e5 2. Nf3 Nc6 3. Bc4 Bc5 4.
d3 Nf6 5. O-O d6 6. Be3 O-O 7.
Nbd2 Bb6 8. c3 h6 9. Re1 Qe7 10. Nf1 Be6 11. Bb3 Bxb3 12. axb3 Bxe3 13. Nxe3 g6 14. Nd5 Qd8 15. b4 a6 16. b5 Nxd5 17.
bxc6 Ne7 18. cxb7 Ra7 19. Qd2 Kg7 20. d4 f6 21. Qe2 a5 22. Qb5 Qb8 23. Rxa5 Rxb7 24.
Qd7 Rf7 25. b4 c6 26. Qe6 h5 27. Rea1 Ng8 28. Ra8 Qc7 29. Qe8 1-0

[Event "*** Qualifier 1: Titled Tuesday 3|2 Blitz"]
[Site "Chess.com"]
[Date "2017.04.04"]
[Round "3"]
[White "donotreadit"]
[Black "Keranke"]
[Result "0-1"]
[WhiteElo "2495"]
[BlackElo "2710"]
[TimeControl "180+2"]
[EndTime "13:37:37 PDT"]
[Termination "Keranke won by resignation"]

1. d4 g6 2. c4 Bg7 3. Nf3 Nf6 4.
g3 O-O 5. Bg2 d6 6. O-O c6 7. Nc3 Qa5 8. e4 Qh5 9. Ng5 Qxd1 10.
Rxd1 e5 11. d5 cxd5 12. cxd5 Na6 13. Nb5 Rd8 14. f3 Ne8 15. Be3 Bh6 16. Kf2 f6 17.
Nh3 Bxe3+ 18. Kxe3 Bd7 19. Bf1 Nc5 20. Rac1 Rdc8 21.
b4 Na4 22. Nf2 Bxb5 23. Rxc8 Rxc8 24. Bxb5 Nc3 25. Rc1 Nxd5+ 26. Kd2 Rxc1 27. Kxc1 Ndc7 28. Bc4+ Kf8 29. Nd1 Ng7 30. Ne3 Nge6 31. h4 Nd4 32. f4 b5 33. Bf1 exf4 34. gxf4 Nf3 35. h5 gxh5 36. Be2 Nd4 37. Bxh5 Nde6 38. Ng2 d5 39. Bf3 Nd4 40. Ne1 Nxf3 41. Nxf3 dxe4 42. Nd4 Ke7 43. Nc6+ Ke6 44. Nxa7 Kf5 45. Nxb5 Nxb5 46. a4 Nc3 47. a5 Nb5 48. Kb2 e3 49. Kb3 0-1

[Event "*** Qualifier 1: Titled Tuesday 3|2 Blitz"]
[Site "Chess.com"]
[Date "2017.04.04"]
[Round "3"]
[White "politeplayer"]
[Black "MorpheusPro"]
[Result "1/2-1/2"]
[WhiteElo "2111"]
[BlackElo "2078"]
[TimeControl "180+2"]
[EndTime "13:37:42 PDT"]
[Termination "Game drawn by repetition"]

1. d4 d5 2. e4 dxe4 3. Nc3 Bf5 4.
f3 exf3 5. Qxf3 Bc8 6. Bc4 Nf6 7. Bf4 c6 8. h3 e6 9. O-O-O Be7 10. Nge2 Nd5 11.
Be5 Bf6 12. Ne4 Bxe5 13. dxe5 O-O 14. Nf6+ Kh8 15. Qh5 gxf6 16. Rd4 Rg8 17. Rf1 f5 18. Qxf7 Rg7 19. Qf6 Qxf6 20. exf6 Nxf6 21. Rxf5 Nd5 22. Rf8+ Rg8 23. Rf7 Nd7 24. Rh4 Rg7 25. Rf1 N7f6 26. Bxd5 Nxd5 27. Rf8+ Rg8 28. Rf7 Rg7 29. Rf8+ Rg8 30.
Rf7 Rg7 31. Rf8+ Rg8 1/2-1/2

[Event "*** Qualifier 1: Titled Tuesday 3|2 Blitz"]
[Site "Chess.com"]
[Date "2017.04.04"]
[Round "3"]
[White "Iball95"]
[Black "Bad4life"]
[Result "0-1"]
[WhiteElo "2462"]
[BlackElo "2262"]
[TimeControl "180+2"]
[EndTime "13:37:43 PDT"]
[Termination "Bad4life won on time"]

1. Nf3 c5 2. g3 d5 3. Bg2 e6 4.
O-O Nf6 5. c4 d4 6. e3 Nc6 7.
exd4 cxd4 8. d3 Be7 9. Na3 O-O 10. Nc2 h6 11. a3 a5 12. Bd2 a4 13. Nb4 Bc5 14.
Nxc6 bxc6 15. Ne5 Qc7 16. Nxc6 Bb7 17. Nb4 Bxg2 18. Kxg2 e5 19. Re1 Rfe8 20. Qf3 Rad8 21. Bxh6 e4 22. dxe4 Bxb4 23. axb4 Qxc4 24. Bg5 Re6 25.
e5 Rde8 26. Bxf6 gxf6 27. exf6 Kf8 28. Rxe6 Qxe6 29. Rxa4 d3 30. b5 d2 31. Rd4 Qe2 32. Qxe2 Rxe2 33. Rd8+ Re8 34. Rxd2 Rb8 35. Rd5 Ke8 36.
g4 Rb6 37. g5 Re6 38. Re5 Rxe5 39. b6 Rb5 0-1

[Event "*** Qualifier 1: Titled Tuesday 3|2 Blitz"]
[Site "Chess.com"]
[Date "2017.04.04"]
[Round "3"]
[White "Sanan_Sjugirov"]
[Black "Spartakus1975"]
[Result "1-0"]
[WhiteElo "2698"]
[BlackElo "2511"]
[TimeControl "180+2"]
[EndTime "13:37:52 PDT"]
[Termination "Sanan_Sjugirov won on time"]

1. d4 d5 2. Nf3 Nf6 3. Bg5 Ne4 4.
Bh4 c5 5. dxc5 Qa5+ 6. Nbd2 Nc6 7. e3 Bf5 8. Be2 e6 9. O-O Bxc5 10. Nb3 Qb6 11. Nxc5 Nxc5 12. Nd4 Bg6 13. Nxc6 bxc6 14. Qd4 f6 15. c4 O-O 16. cxd5 cxd5 17. Rfc1 Rac8 18.
Bg4 Bf7 19. Bg3 Rc6 20. b4 Ne4 21. Qxb6 Rxb6 22. a3 e5 23. Rc7 a5 24. bxa5 Ra6 25. Bh4 Rxa5 26. f3 Nd2 27. Be1 Nb3 28. Rb1 1-0

[Event "*** Qualifier 1: Titled Tuesday 3|2 Blitz"]
[Site "Chess.com"]
[Date "2017.04.04"]
[Round "3"]
[White "Kacparov"]
[Black "Dlugy"]
[Result "0-1"]
[WhiteElo "2597"]
[BlackElo "2641"]
[TimeControl "180+2"]
[EndTime "13:37:55 PDT"]
[Termination "Dlugy won by checkmate"]

1. e4 c5 2. Nf3 d6 3. d4 cxd4 4.
Qxd4 a6 5. c4 Nc6 6. Qe3 g6 7.
Be2 Bg7 8. O-O Nf6 9. h3 O-O 10.
Nc3 Nd7 11. Rd1 Nc5 12. Nd5 f5 13. exf5 Bxf5 14. Qa3 a5 15. Be3 b6 16. Rac1 Rb8 17. Nd4 Nxd4 18. Bxd4 Bxd4 19. Rxd4 e6 20. Ne3 Bxh3 21.
Bf3 Qg5 22. Kh1 Rxf3 23. gxf3 Rf8 24. Rg1 Qh5 25. Rg3 Bg4+ 26. Kg1 Bxf3 27. Ng2 e5 28. Rh4 Qf5 29. Qe3 Bc6 30. Rgh3 Rf7 31. Rg3 Qb1+ 32. Kh2 Qxb2 33. f4 Ne4 34. Rgg4 Nd2 35. Kh3 Bd7 36.
Ne1 h5 37. fxe5 Bxg4+ 38. Rxg4 hxg4+ 39. Kxg4 Nxc4 40. Qg5 Nxe5+ 41. Kg3 Qf2+ 42. Kh3 Qxe1 43. Qd8+ Kg7 44. Qg5 Rf3+ 45. Kh2 Qf2+ 46. Qg2 Ng4+ 47. Kh1 Qe1+ 48. Qg1 Rh3+ 49. Kg2 Rg3+ 50. Kh1 Rxg1# 0-1

[Event "*** Qualifier 1: Titled Tuesday 3|2 Blitz"]
[Site "Chess.com"]
[Date "2017.04.04"]
[Round "3"]
[White "Aragon"]
[Black "FearlessKing64"]
[Result "0-1"]
[WhiteElo "2025"]
[BlackElo "2121"]
[TimeControl "180+2"]
[EndTime "13:37:56 PDT"]
[Termination "FearlessKing64 won by resignation"]

1. e4 c5 2. Nf3 d6 3. Bb5+ Nd7 4. d4 cxd4 5. Qxd4 a6 6. Bxd7+ Qxd7 7. Nc3 b5 8. Nd5 Rb8 9. O-O e5 10. Qd3 Nf6 11.
Nxf6+ gxf6 12. c4 bxc4 13. Qxc4 Qb5 14. Qc2 Be6 15. b3 d5 16. exd5 Bxd5 17. Nh4 Qb4 18. f4 Qd4+ 19. Kh1 Qxa1 20. fxe5 Qxe5 21. Bd2 Be4 22. Qc4 Bd6 23. Bf4 Qd5 24. Qxd5 Bxd5 25. Bxd6 Rd8 26. Re1+ Kd7 27. Bb4 Rhe8 28. Rd1 Kc6 29.
Nf5 Bxg2+ 30. Kxg2 Rxd1 31. Kf2 Ra1 32. a4 Ra2+ 33.
Kf3 Rb2 34. Bc3 Rxh2 35. Bxf6 Rh3+ 36. Kg4 Rh1 37. Nd4+ Kd5 38. Nf3 Re4+ 39. Kg3 Rb1 40. Nd2 Re3+ 41. Kf2 Rexb3 42. Nxb1 Rxb1 43. Ke3 Rb3+ 44. Kd2 Ra3 45. Kc2 Rxa4 46. Kd2 Rf4 47. Bg5 Ke4 48. Ke2 Rf3 49. Bh6 a5 50. Bd2 a4 51.
Bb4 a3 52. Bf8 a2 53. Bg7 h5 54. Ke1 h4 55. Bc3 h3 56. Ke2 h2 57. Bg7 0-1

[Event "*** Qualifier 1: Titled Tuesday 3|2 Blitz"]
[Site "Chess.com"]
[Date "2017.04.04"]
[Round "3"]
[White "MegaManMusic"]
[Black "P0ubelle"]
[Result "0-1"]
[WhiteElo "1922"]
[BlackElo "2102"]
[TimeControl "180+2"]
[EndTime "13:37:59 PDT"]
[Termination "P0ubelle won on time"]

1. d4 Nf6 2. c4 g6 3. Nc3 Bg7 4.
e4 d6 5. Nf3 O-O 6. Be2 Nc6 7.
O-O e5 8. d5 Ne7 9. Ne1 Kh8 10.
Be3 Nfg8 11. c5 f5 12. f3 f4 13. Bf2 g5 14. a4 h5 15. a5 a6 16. cxd6 cxd6 17.
Bb6 Qe8 18. Nd3 Nh6 19. Nf2 Qg6 20. h3 g4 21. fxg4 hxg4 22. hxg4 Rg8 23. Bc7 Bf8 24.
Ra3 Bd7 25. Rb3 Rg7 26. Rxb7 Neg8 27. Bb6 Nf6 28. Rxd7 Nxd7 29. b4 Be7 30. b5 axb5 31. Nxb5 Rag8 32. Nc7 Bh4 33. Ne6 Rh7 34. Bc7 Nf7 35.
a6 Bg3 36. Nh3 Qxe4 37. Rf3 Rxg4 38. Bd3 Qxd5 39. Qc2 Rxh3 0-1

[Event "*** Qualifier 1: Titled Tuesday 3|2 Blitz"]
[Site "Chess.com"]
[Date "2017.04.04"]
[Round "3"]
[White "MagnusSeinFanboy"]
[Black "Grootneus"]
[Result "1-0"]
[WhiteElo "2244"]
[BlackElo "2102"]
[TimeControl "180+2"]
[EndTime "13:38:00 PDT"]
[Termination "MagnusSeinFanboy won by resignation"]

1. Nf3 Nf6 2. c4 g6 3. Nc3 Bg7 4.
e4 c5 5. d4 O-O 6. d5 d6 7. Bd3 e6 8. O-O exd5 9. cxd5 Bg4 10. a4 Bxf3 11. Qxf3 a6 12. Bf4 Qe7 13. h3 Nbd7 14.
Qd1 Rfe8 15. Re1 Ne5 16. Bf1 Nh5 17. Bh2 Qh4 18. g4 Nf6 19. Bg3 Qh6 20. f4 Nexg4 21. hxg4 g5 22. Qf3 Nd7 23. fxg5 Qxg5 24. Bxd6 Bd4+ 25. Kg2 Ne5 26. Bxe5 Bxe5 27. Bd3 Qd2+ 28. Re2 Qg5 29. Rh1 Rac8 30. Rh5 Qg7 31. Qf5 c4 32.
Rg5 cxd3 33. Rxg7+ Kxg7 34. Rd2 Bxc3 35. bxc3 Rxc3 36.
e5 Ra3 37. d6 Rxa4 38. d7 Ra8 39. Qf6+ Kg8 40. d8=Q+ Rxd8 41. Qxd8+ Kg7 42. Qf6+ Kf8 43. Rxd3 Ra2+ 44. Kf3 1-0

[Event "*** Qualifier 1: Titled Tuesday 3|2 Blitz"]
[Site "Chess.com"]
[Date "2017.04.04"]
[Round "3"]
[White "Bigfish1995"]
[Black "DuleMudule"]
[Result "1-0"]
[WhiteElo "2651"]
[BlackElo "2589"]
[TimeControl "180+2"]
[EndTime "13:38:01 PDT"]
[Termination "Bigfish1995 won on time"]

1. e4 c5 2. Nf3 Nc6 3. Bb5 e6 4.
Bxc6 bxc6 5. d3 Ne7 6. h4 h5 7. e5 Ng6 8. Nbd2 f6 9. Nc4 Ba6 10. Qe2 Qc7 11. Qe4 Kf7 12. Bf4 Bxc4 13. dxc4 d5 14. exd6 Bxd6 15. Bxd6 Qxd6 16. Rd1 Qc7 17. O-O Rad8 18. Rde1 Rhe8 19. g3 Qd7 20.
Re3 Ne7 21. Rd3 Qc7 22. Re1 e5 23. Qh7 Rxd3 24. Qxh5+ Kf8 25. cxd3 Qd7 26. Re3 Nf5 27.
Re4 Nh6 28. Ne1 Rd8 29. Qe2 Nf5 30. Qh5 Nh6 31. g4 Kg8 32. g5 Qf5 33. Re3 Rd4 34. Qe8+ Kh7 35. gxh6 Rg4+ 36. Rg3 Qf4 37. Rxg4 Qxg4+ 38. Ng2 Qd1+ 39. Kh2 Qxd3 40. hxg7 Kxg7 41. Qe7+ Kg6 42.
Qxc5 Qe4 43. b3 f5 44. Qe3 1-0

[Event "*** Qualifier 1: Titled Tuesday 3|2 Blitz"]
[Site "Chess.com"]
[Date "2017.04.04"]
[Round "3"]
[White "RitvarsReimanis"]
[Black "ZEN-22"]
[Result "0-1"]
[WhiteElo "2421"]
[BlackElo "2339"]
[TimeControl "180+2"]
[EndTime "13:38:01 PDT"]
[Termination "ZEN-22 won by resignation"]

1. d4 c5 2. d5 e6 3. c4 b5 4.
cxb5 a6 5. bxa6 exd5 6. Qxd5 Nc6 7. Nc3 Nf6 8. Qd1 d5 9. e3 d4 10. Nb5 Bxa6 11. Bd2 Nd5 12. Na3 Bxf1 13. Kxf1 dxe3 14. Bxe3 Nxe3+ 15. fxe3 Qxd1+ 16. Rxd1 Nb4 17. Nf3 Be7 18. Ke2 Nxa2 19. Nb5 O-O 20. Rd2 Nb4 21. Ne5 Rfb8 22. Na3 f6 23. Nec4 Kf7 24. Rhd1 Rd8 25. Rd7 Ke6 26.
Rb7 Rxd1 27. Kxd1 Rd8+ 28. Ke2 h5 29. Rb6+ Kf7 30. Rb7 g5 31. Nb5 Ke6 32. Rb6+ Kf5 33. Nbd6+ Kg6 34. Ne4 Kf5 35. Ned6+ Bxd6 36. Nxd6+ Kg6 37.
Ne4 Nd5 38. Rc6 Re8 39. Rxc5 Nf4+ 40. Kf3 Nd3 41. Rc4 Ne5+ 0-1

[Event "*** Qualifier 1: Titled Tuesday 3|2 Blitz"]
[Site "Chess.com"]
[Date "2017.04.04"]
[Round "3"]
[White "fastestmindalive"]
[Black "iturrizaga"]
[Result "0-1"]
[WhiteElo "2423"]
[BlackElo "2646"]
[TimeControl "180+2"]
[EndTime "13:38:02 PDT"]
[Termination "iturrizaga won by resignation"]

1. e4 c5 2. Nc3 Nc6 3. Bb5 Nd4 4. Nf3 Qc7 5. O-O e6 6. Nxd4 cxd4 7. Ne2 Ne7 8. c3 a6 9. Bd3 dxc3 10. dxc3 Nc6 11. Bf4 Ne5 12. Bxe5 Qxe5 13. f4 Qc7 14. Ng3 h5 15. e5 h4 16. Ne4 b6 17. Be2 Bb7 18.
Bf3 Rd8 19. Nd6+ Bxd6 20. Qxd6 Qxd6 21. exd6 Bxf3 22. Rxf3 Rh5 23. Rd1 Rc8 24. Rd4 f6 25. Kf2 Kf7 26. Rh3 Rcc5 27. Ke2 a5 28. a4 Rc6 29. g4 Rh8 30. Kd2 e5 31. fxe5 fxe5 32. Rd5 Ke6 33. Rhd3 Rf8 34. Rb5 Rf2+ 35. Ke1 Rxh2 36.
Rdd5 Rc5 37. Rdxc5 bxc5 38. Kf1 Kxd6 39. c4 e4 40. Rxa5 Rxb2 0-1

[Event "*** Qualifier 1: Titled Tuesday 3|2 Blitz"]
[Site "Chess.com"]
[Date "2017.04.04"]
[Round "3"]
[White "Goala"]
[Black "saraswathii"]
[Result "1-0"]
[WhiteElo "2236"]
[BlackElo "2161"]
[TimeControl "180+2"]
[EndTime "13:38:02 PDT"]
[Termination "Goala won by resignation"]

1. d4 d5 2. c4 c6 3. Nc3 Nf6 4.
e3 g6 5. Nf3 Bg7 6. h3 O-O 7.
Bd3 dxc4 8. Bxc4 Nbd7 9. O-O Nb6 10. Be2 Bf5 11. Nh4 Qd7 12. Nxf5 Qxf5 13. Qb3 e5 14. dxe5 Qxe5 15. a4 Rab8 16. Bd2 Rfd8 17. Rfd1 Nbd5 18. Be1 Ne4 19. Nxe4 Qxe4 20. Bf3 Qe5 21. Bxd5 cxd5 22. Bc3 Qe6 23. Bd4 b6 24. Rac1 Rd6 25. Rc7 a6 26. a5 b5 27. Bxg7 Kxg7 28. Qc3+ Kg8 29. Rc1 Rbd8 30.
Qd4 R6d7 31. Rc8 Rd6 32. R8c7 R6d7 33. R1c6 Qe7 34. Rxd7 Qxd7 35. Rxa6 Qc8 36. Ra7 Qc1+ 37. Kh2 Qc6 38. Qf4 Qe6 39. Rc7 Ra8 40. b4 Kg7 41.
Rc5 Rd8 42. Qd4+ Kg8 43. Rxb5 Qd7 44. Rc5 Qd6+ 45. g3 Qd7 46. b5 Qd6 47. b6 Qd7 48. a6 Qd6 49. Rb5 Qc6 50. Rb2 Qc1 51. b7 Qc7 52. a7 1-0

[Event "*** Qualifier 1: Titled Tuesday 3|2 Blitz"]
[Site "Chess.com"]
[Date "2017.04.04"]
[Round "3"]
[White "BogdanDeac"]
[Black "Yaacovn"]
[Result "0-1"]
[WhiteElo "2355"]
[BlackElo "2601"]
[TimeControl "180+2"]
[EndTime "13:38:03 PDT"]
[Termination "Yaacovn won by resignation"]

1. d4 Nf6 2. Bf4 e6 3. e3 Bd6 4.
Bxd6 cxd6 5. c4 d5 6. cxd5 Nxd5 7. Nf3 O-O 8. Bd3 Nb4 9. Be2 N8c6 10. O-O b6 11.
Nc3 Ne7 12. Ne5 Bb7 13. Qa4 Nbc6 14. Bf3 a6 15. Rfc1 b5 16. Qd1 Rb8 17. Nd3 Na5 18. Bxb7 Rxb7 19. Nc5 Ra7 20. b4 Nc4 21. a4 d6 22.
axb5 dxc5 23. bxc5 Ra8 24. bxa6 Na5 25. Ne4 Rxa6 26. Nd6 Ra8 27. e4 Nac6 28. Rab1 Rb8 29. Qd2 Qa5 30. Qe3 Qa4 31. Rxb8 Rxb8 32. d5 exd5 33.
Qf3 Ne5 34. Qg3 N5c6 35. Qf3 Rf8 36. exd5 Nd4 37. Qe4 Nxd5 38. Rf1 Nc3 39. Qe3 Qc6 0-1

[Event "*** Qualifier 1: Titled Tuesday 3|2 Blitz"]
[Site "Chess.com"]
[Date "2017.04.04"]
[Round "3"]
[White "keisyzrk"]
[Black "PowerThinking2650"]
[Result "1-0"]
[WhiteElo "2243"]
[BlackElo "2162"]
[TimeControl "180+2"]
[EndTime "13:38:04 PDT"]
[Termination "keisyzrk won by resignation"]

1. d4 Nf6 2. c4 g6 3. Nc3 Bg7 4.
e4 O-O 5. Bd3 d6 6. Nge2 Nc6 7.
O-O e5 8. d5 Nd4 9. Nxd4 exd4 10. Ne2 Re8 11. f3 c5 12. Bg5 h6 13. Bh4 g5 14. Bg3 a6 15. b4 b5 16. bxc5 bxc4 17. Bxc4 dxc5 18. Nc1 Nh5 19. Nd3 Nxg3 20. hxg3 f5 21.
exf5 Bxf5 22. f4 g4 23. Rc1 Re3 24. Nxc5 Rxg3 25. Ne6 Bxe6 26. dxe6 Qe7 27. f5 d3 28. Rf4 Rd8 29. f6 Bxf6 30. Rxf6 d2 31. Rc2 Rd4 32. Bb3 Re4 33. Qxd2 Qxf6 34. Rc8+ Kg7 35. Rc7+ Kg6 36. Bc2 Qe5 37. e7 Re3 38. Qxe3 Qxc7 39. e8=Q+ Kg7 40. Q8xe4 1-0

[Event "*** Qualifier 1: Titled Tuesday 3|2 Blitz"]
[Site "Chess.com"]
[Date "2017.04.04"]
[Round "3"]
[White "Zhani-Z"]
[Black "AmazingAtlas"]
[Result "1-0"]
[WhiteElo "2383"]
[BlackElo "2288"]
[TimeControl "180+2"]
[EndTime "13:38:05 PDT"]
[Termination "Zhani-Z won by resignation"]

1. e4 c5 2. Nf3 Nc6 3. Bb5 d6 4.
O-O Bd7 5. Re1 Nf6 6. h3 g6 7. c3 Ne5 8. Bxd7+ Nfxd7 9. d4 Nxf3+ 10. Qxf3 Bg7 11. d5 b5 12. a4 a6 13. Na3 Qb6 14.
Qe2 O-O 15. Bg5 f6 16. Be3 Rab8 17. axb5 axb5 18. c4 bxc4 19. Nxc4 Qb4 20. Bd2 Qb3 21. Ra3 Qb7 22. Bc3 Nb6 23. Na5 Qc7 24. Rea1 Ra8 25.
Nc6 c4 26. Bd4 Rxa3 27. Rxa3 f5 28. Ra7 Qxa7 29. Nxa7 Bxd4 30. Nc6 Bc5 31. e5 Nxd5 32. exd6 Bxd6 33. Qe6+ Kg7 34. Qxd5 Ra8 35. g3 Ra1+ 36. Kg2 Rc1 37. Qd2 Rb1 38. Qc2 Re1 39. Qc3+ 1-0

[Event "*** Qualifier 1: Titled Tuesday 3|2 Blitz"]
[Site "Chess.com"]
[Date "2017.04.04"]
[Round "3"]
[White "stepanosinovsky"]
[Black "Robin-Side"]
[Result "0-1"]
[WhiteElo "2175"]
[BlackElo "2383"]
[TimeControl "180+2"]
[EndTime "13:38:05 PDT"]
[Termination "Robin-Side won on time"]

1. e4 e5 2. Nf3 Nc6 3. Bb5 a6 4. Ba4 d6 5. O-O Bg4 6. h3 h5 7. d3 Qf6 8. Bxc6+ bxc6 9. Nbd2 g5 10. c3 Ne7 11. d4 Be6 12. dxe5 dxe5 13. h4 gxh4 14. Qa4 Rg8 15. Kh1 Bh6 16. Rg1 Bxd2 17. Bxd2 h3 18. Ng5 Rxg5 19. Bxg5 Qxg5 20. gxh3 Qf4 21.
Rg8+ Nxg8 22. Qxc6+ Ke7 23. Qxa8 Bxh3 24. Qxg8 Bg4 25.
Rg1 Qf3+ 26. Rg2 Qxe4 27. Qg5+ Kd7 28. Kh2 f5 29. Qe3 Qd5 30. f4 exf4 31. Qxf4 Kc8 32. b3 Qd3 33. c4 Qh3+ 34. Kg1 Qd3 35. Rd2 Qb1+ 36. Kh2 Qe1 37. Rf2 h4 38. c5 Qc3 0-1